 Dungeon Crawl Stone Soup version 0.32-a0-913-g739538afd8 (webtiles) character file.

Game seed: 1489469699156369712

2226 smashvw the Blocker (level 9, -2/78 (79) HPs)
             Began as a Formicid Fighter on Apr 9, 2024.
             Was a Priest of Ashenzari.
             Killed from afar by an electric eel (7 damage)
             ... with a bolt of electricity
             ... on level 6 of the Dungeon.
             The game lasted 00:12:59 (4205 turns).

smashvw the Blocker (Formicid Fighter)              Turns: 4205, Time: 00:12:59

HP:   -2/78 (79)    AC: 18    Str: 25    XL:     9   Next: 62%
MP:   9/9           EV:  6    Int:  8    God:    Ashenzari [***...]
Gold: 344           SH:  6    Dex: 13    Spells: 8/8 levels left

rFire   . . .        a - +0 war axe of Ashenzari's Sybil {Bglg, Melee} (curse)
rCold   . . .        c - +0 buckler "Discomfort of Ashenzari" {Elem, Self} (curse)
rNeg    . . .        w - +0 plate armour
rPois   .            (helmet unavailable)
rElec   .            t - +1 cloak of the Distant Negligence {Melee, Fort} (curse)
rCorr   .            f - +0 pair of gloves of Toth-Mos's Legacy {Melee, Dev} (curse)
SInv    +            (no boots)
Will    .....        g - amulet of regeneration Stlth
                     j - +4 ring of slaying
HPRegen 1.13/turn    (no ring)
MPRegen 0.11/turn

%: clarity
@: lightly drained
A: permanent stasis, dig shafts and tunnels, antennae 3, four strong arms
a: Dig, Shaft Self, Renounce Religion, Curse Item, Shatter the Chains


You were on level 6 of the Dungeon.
You worshipped Ashenzari.
Ashenzari was most pleased with you.
You visited 1 branch of the dungeon, and saw 6 of its levels.

You collected 344 gold pieces.

Inventory:

Hand Weapons
 a - the cursed +0 war axe of Ashenzari's Sybil (weapon) {Bglg, Melee}

   It has a curse which improves the following skills: Beguiling: Hexes and
   Translocations.
   Melee Combat: Short Blades, Long Blades, Axes, Maces & Flails, Polearms,
   Staves and Unarmed Combat.
 y - a +5 battleaxe of freezing
Missiles
 z - 2 throwing nets
Armour
 b - a +0 scale mail
 c - the cursed +0 buckler "Discomfort of Ashenzari" (worn) {Elem, Self}

   It has a curse which improves the following skills: Elements: Fire Magic, Ice
   Magic, Air Magic and Earth Magic.
   Introspection: Fighting and Spellcasting.
 f - the cursed +0 pair of gloves of Toth-Mos's Legacy (worn) {Melee, Dev}
   (You found it on level 1 of the Dungeon)

   It has a curse which improves the following skills: Melee Combat: Short
   Blades, Long Blades, Axes, Maces & Flails, Polearms, Staves and Unarmed
   Combat.
   Devices:   Evocations and Shapeshifting.
 i - a +0 kite shield
 m - a +3 chain mail
 t - the cursed +1 cloak of the Distant Negligence (worn) {Melee, Fort}
   (You found it on level 3 of the Dungeon)

   It has a curse which improves the following skills: Melee Combat: Short
   Blades, Long Blades, Axes, Maces & Flails, Polearms, Staves and Unarmed
   Combat.
   Fortitude: Armour and Shields.
 w - a +0 plate armour (worn)
Jewellery
 g - an amulet of regeneration (around neck)
 j - a +4 ring of slaying (left hand)
Wands
 u - a wand of charming (18)
Scrolls
 k - 2 scrolls of teleportation
 n - 9 scrolls of identify
 o - a scroll of immolation
 v - a scroll of summoning
 x - 2 scrolls of enchant armour
Potions
 d - 2 potions of might
 e - a potion of ambrosia
 h - a potion of heal wounds
 l - a potion of mutation
 p - a potion of attraction
 q - a potion of lignification
 r - a potion of brilliance
 s - a potion of resistance


   Skills:
 + Level 9.3(10.8) Fighting
 + Level 8.3(11.3) Axes
 - Level 8.4(10.0) Armour
 + Level 10.2(11.6) Shields


You had 8 spell levels left.
You didn't know any spells.
Your spell library contained the following spells:

 Spells                   Type           Power      Damage    Failure   Level
 Ensorcelled Hibernation  Hex/Ice        0%         N/A       100%        2
 Passwall                 Erth           0%         N/A       100%        3
 Swiftness                Air            Unusable   N/A       N/A         3

Dungeon Overview and Level Annotations

Branches:
Dungeon (6/15)             Temple (0/1) D:5

Altars:
Ashenzari
Gozag
Nemelex Xobeh
Wu Jian

Shops:
D:5 *

Annotations:
D:4 2 transporters, Fodor's ghost, amateur MiFi
D:5 1 runed translucent door, Crazy Yiuf


Innate Abilities, Weirdness & Mutations

You cannot be hasted, slowed, berserked, paralysed or teleported.
You can dig through walls and to a lower floor.
You have a pair of large antennae on your head. (SInv)
Your four strong arms can wield two-handed weapons with a shield.


Message History

The iguana is almost dead.
The electric eel shoots out a bolt of lightning at you!
The bolt of electricity hits you.
The iguana bites you but does no damage.
The electric eel shoots out a bolt of lightning at you!
The bolt of electricity hits you!
The iguana hisses menacingly.
You slash the iguana!
You kill the iguana!
You see here an iguana corpse.
The electric eel shoots out a bolt of lightning at you!
The bolt of electricity hits you. The bolt of electricity hits you!
Found a stone staircase leading up.
An electric eel comes into view.
The electric eel shoots out a bolt of lightning at you!
The bolt of electricity hits you! x2
The bolt of electricity hits the electric eel.
The electric eel completely resists.
The electric eel shoots out a bolt of lightning at you!
The bolt of electricity hits the electric eel.
The electric eel completely resists.
The bolt of electricity misses you.
The electric eel shoots out a bolt of lightning at you!
The bolt of electricity misses you.
You hit the electric eel.
The electric eel is moderately wounded.
The electric eel shoots out a bolt of lightning at you!
The bolt of electricity hits you! x2
* * * LOW HITPOINT WARNING * * *
The bolt of electricity hits the electric eel.
The electric eel completely resists.
The electric eel shoots out a bolt of lightning at you!
The bolt of electricity hits the electric eel.
The electric eel completely resists.
The bolt of electricity hits you!
* * * LOW HITPOINT WARNING * * *
The electric eel shoots out a bolt of lightning at you!
The bolt of electricity hits you.
* * * LOW HITPOINT WARNING * * *
The electric eel shoots out a bolt of lightning at you!
The bolt of electricity hits you!
You die...

# ####..## #.# #..#.#
##.#......# #.# ##[#.#
...........# #.####.#.#
≈~.~~~~....# #........#
S~.~≈~~....##########.###
≈~.~≈≈~..#.†..........#
~S.~≈≈~.†#.############
...~~~≈..#.# ≈.......@..#
≈.~~~~S..### ~.~≈≈≈≈..#
~.~≈≈≈≈..# ~.~~~~~..#
.........# .###.###<. #.
... .. ....


You could see 2 electric eels.

Vanquished Creatures
  Grinder (D:3)
  Prince Ribbit (D:5)
  Edmund (D:6)
  Duvessa (D:6)
  An orc warrior (D:6)
  A centaur (D:6)
  3 bullfrogs (D:6)
  4 scorpions
  5 wights (D:6)
  Dowan (D:6)
  A jelly (D:6)
  A bombardier beetle (D:4)
  A hound (D:6)
  3 sleepcaps (D:5)
  3 orc wizards
  3 iguanas
  7 gnolls
  10 adders
  A shadow imp (D:5)
  A white imp (D:6)
  4 dart slugs
  2 ribbon worms (D:2)
  10 orcs
  15 endoplasms
  3 giant cockroaches (D:3)
  7 goblins
  10 hobgoblins
  4 jackals (D:3)
  3 quokkas
  7 ball pythons
  7 bats
  5 frilled lizards
  7 kobolds
  4 rats
138 creatures vanquished.

Notes
Turn   | Place    | Note
-------+----------+-------------------------------------------
     0 | D:1      | smashvw the Formicid Fighter began the quest for the Orb.
     0 | D:1      | Reached XP level 1. HP: 18/18 MP: 1/1
    81 | D:1      | Reached XP level 2. HP: 24/24 MP: 2/2
   127 | D:1      | Reached XP level 3. HP: 15/29 MP: 3/3
   451 | D:1      | Found a faded altar of an unknown god.
   506 | D:1      | Prayed at the altar of an unknown god.
   506 | D:1      | Became a worshipper of Ashenzari the Shackled
   911 | D:2      | Reached XP level 4. HP: 37/37 MP: 4/4
  1154 | D:2      | Reached * piety under Ashenzari
  1212 | D:2      | Reached XP level 5. HP: 42/42 MP: 5/5
  1345 | D:3      | Reached skill level 5 in Shields
  1366 | D:3      | Found an ornate altar of the Wu Jian Council.
  1673 | D:3      | Reached skill level 9 in Shields
  1673 | D:3      | Reached XP level 6. HP: 56/56 MP: 6/6
  1732 | D:3      | Found an opulent altar of Gozag.
  1732 | D:3      | Found a sparkling altar of Nemelex Xobeh.
  1947 | D:3      | Reached ** piety under Ashenzari
  1989 | D:3      | Noticed Grinder
  2005 | D:3      | Killed Grinder
  2006 | D:3      | Reached XP level 7. HP: 55/62 MP: 7/7
  2286 | D:4      | Found a transporter.
  2286 | D:4      | Noticed Fodor's ghost (amateur MiFi)
  2335 | D:4      | Found a transporter.
  2547 | D:4      | Reached XP level 8. HP: 63/69 MP: 8/8
  2809 | D:5      | Entered Level 5 of the Dungeon
  2944 | D:5      | Found a staircase to the Ecumenical Temple.
  3021 | D:5      | Reached *** piety under Ashenzari
  3199 | D:5      | Found Qoappe's General Store.
  3284 | D:5      | Noticed Prince Ribbit
  3295 | D:5      | Killed Prince Ribbit
  3355 | D:5      | Found a runed translucent door.
  3356 | D:5      | Noticed Crazy Yiuf
  3797 | D:6      | Noticed Edmund
  3812 | D:6      | Killed Edmund
  3858 | D:6      | Noticed Dowan
  3859 | D:6      | Noticed Duvessa
  3872 | D:6      | Killed Duvessa
  3873 | D:6      | Reached XP level 9. HP: 62/77 MP: 9/9
  3881 | D:6      | Killed Dowan
  4000 | D:6      | Reached skill level 10 in Shields
  4205 | D:6      | Killed from afar by an electric eel

Illustrated notes

Levels and vault maps discovered:
D:1:      psy_arrival_conway, layout_loops_ring,
          nicolae_ecumenical_snake_handling
D:2:      layout_basic
D:3:      layout_basic, grunt_temple_overflow_opulence,
          nzn_wu_jian_council_hall, minmay_misc_feat_cross,
          dreamdust_princess_corridor, kennysheep_generic_room_10, uniq_grinder
D:4:      layout_cave_pools, gammafunk_ghost_mausoleum, nicolae_titane
D:5:      layout_loops_corners, temple_hall, serial_shops,
          nicolae_shop_rolling_square, uniq_crazy_yiuf_cottage,
          uniq_prince_ribbit1
D:6:      layout_loops_corners, hex_large, minivault_14, wad_rectangle_vault,
          uniq_edmund, uniq_duvessa

Skill      XL: |  1  2  3  4  5  6  7  8  9 |
---------------+----------------------------+-----
Fighting       | 4 7 8 9 |  9.3
Armour         | 4 7 8 |  8.4
Shields        | 9 10 | 10.2
Axes           | 6 7 8 |  8.3

Action                     |  1- 3 |  4- 6 |  7- 9 || total
---------------------------+-------+-------+-------++-------
  Melee: War axe           |    70 |    79 |   213 ||   362
 Invoke: Curse Item        |     1 |     2 |     1 ||     4
    Use: Potion            |       |     1 |       ||     1
 Armour: Scale mail        |    68 |    51 |    59 ||   178
         Plate armour      |       |       |    86 ||    86
  Dodge: Dodged            |    31 |    31 |    51 ||   113
  Block: Buckler           |    19 |    23 |    66 ||   108

Table legend: (Time is in decaauts)
 A = Elapsed time spent in this place.
 B = Non-inter-level travel time spent in this place.
 C = Inter-level travel time spent in this place.
 D = Time resting spent in this place.
 E = Time spent auto-exploring this place.
 F = Levels seen in this place.
 G = Mean time per level.
                   A        B        C        D        E       F      G
               +--------+--------+--------+--------+--------+-----+--------+
         Total |   4254 |   4146 |    108 |     23 |   3224 |   6 |  709.0 |
       Dungeon |   4254 |   4146 |    108 |     23 |   3224 |   6 |  709.0 |
               +--------+--------+--------+--------+--------+-----+--------+

Top non-repeatable levels by time:
     D:5: 957 daAuts
     D:1: 871 daAuts
     D:3: 801 daAuts
     D:4: 686 daAuts
     D:2: 502 daAuts
     D:6: 435 daAuts
